 Dungeon Sprint DCSS version 0.28-a0-79-g444c7a33f5 (webtiles) character file.

Game seed: 8330552055251863964

2167 Zeldest the Nimble (level 8, -9/81 HPs)
             Began as a Demigod Gladiator on Aug 2, 2021.
             Mangled by a skeletal warrior (29 damage)
             ... in the Dungeon (Sprint IX: "|||||||||||||||||||||||||||||").
             The game lasted 00:02:00 (340 turns).

Zeldest the Nimble (Demigod Gladiator)               Turns: 340, Time: 00:02:01

Health: -9/81      AC:  5    Str: 15    XL:     8   Next: 85%
Magic:  10/10      EV: 22    Int: 10    God:
Gold:   0          SH:  0    Dex: 26    Spells: 7/7 levels left

rFire   . . .      SeeInvis .   k - +2 whip (elec)
rCold   . . .      Faith    .   (no shield)
rNeg    . . .      Spirit   .   b - +0 leather armour
rPois   .          Reflect  .   p - +0 helmet
rElec   .          Harm     .   (no cloak)
rCorr   .          Rampage  .   (no gloves)
Will    .....      NoTele   +   q - +0 pair of boots
Stlth   ++........              (no amulet)
HPRegen 0.23/turn               r - +3 ring of dexterity
MPRegen 0.12/turn               (no ring)

@: no status effects
A: high mp 1, forlorn
a: no special abilities


You were in the Dungeon.
You visited 1 branch

Inventory:

Hand Weapons
 a - a +0 long sword
 k - a +2 whip of electrocution (weapon)
 o - a +2 scimitar of holy wrath
Missiles
 d - 3 throwing nets (quivered)
Armour
 b - a +0 leather armour (worn)
 c - a +0 helmet
 p - a +0 helmet (worn)
 q - a +0 pair of boots (worn)
Jewellery
 r - a +3 ring of dexterity (left hand)
 s - a +3 ring of intelligence
Scrolls
 j - 2 scrolls of blinking
 m - 2 scrolls of amnesia
Potions
 e - 5 potions of curing
 f - a potion of invisibility
 g - a potion of haste
 h - 4 potions of magic
 i - a potion of berserk rage
 l - 2 potions of heal wounds


   Skills:
 + Level 10.8 Fighting
 + Level 11.0 Long Blades
 - Level 1.7 Throwing
 + Level 11.1 Dodging
 + Level 3.7 Evocations


You had 7 spell levels left.
You didn't know any spells.
Your spell library was empty.

Dungeon Overview and Level Annotations

Branches:
Dungeon (1/1)


Innate Abilities, Weirdness & Mutations

Your attributes grow dramatically as you level up.
You have an increased reservoir of magic. (+10% MP)
You shall have no god before yourself.


Message History

The skeletal warrior is splashed with acid!
The skeletal warrior seems to be corroded for longer.
The skeletal warrior is severely damaged.
The bolt of acid hits the cyclops!!
The cyclops is splashed with acid.
You kill the cyclops!
The bolt of acid hits the four-headed hydra!!
The four-headed hydra is splashed with acid.
The four-headed hydra is moderately wounded.
The now-empty wand crumbles to dust.
The boulder beetle completely misses you.
You riposte.
You slash the boulder beetle!
The boulder beetle is severely wounded.
Your Long Blades skill increases to level 11!
Your Dodging skill increases to level 11!
Your Evocations skill increases to level 3!
You hit the boulder beetle.
The boulder beetle is severely wounded.
You hit the boulder beetle.
The boulder beetle is severely wounded.
The boulder beetle barely misses you.
You hit the boulder beetle but do no damage.
The boulder beetle is severely wounded.
The boulder beetle leaps!
Your +2 scimitar of holy wrath stops glowing.
You hear the crackle of electricity.
k - a +2 whip of electrocution (weapon)
You hit the skeletal warrior.
The skeletal warrior is severely damaged.
The skeletal warrior hits you with a +2 dire flail of protection!!
The boulder beetle curls into a ball and begins rolling!
You hit the skeletal warrior but do no damage.
The skeletal warrior is severely damaged.
The skeletal warrior hits you with a +2 dire flail of protection!
* * * LOW HITPOINT WARNING * * *
You hit the skeletal warrior but do no damage.
Lightning courses through the skeletal warrior!
The skeletal warrior is almost destroyed.
The boulder beetle stops rolling and uncurls.
The skeletal warrior hits you with a +2 dire flail of protection!!
You die... ▓▓▓▓▓▓▓▓▓▓▓▓▓▓▓▓▓▓▓▓▓▓▓▓ '..)...[..').)..@zDB°... ▓▓▓▓▓▓▓▓▓▓▓▓▓▓▓▓▓▓▓▓▓▓▓▓

You could see a boulder beetle (corroded), a four-headed hydra and a skeletal warrior (corroded).

Vanquished Creatures
  A two-headed ogre (D)
  A cyclops (D)
  A komodo dragon (D)
  A tengu conjurer (D)
  A yak (D)
  A basilisk (D)
  An acid dragon (D)
  An ice beast (D)
  An orc warrior (D)
  A phantom (D)
  A hound (D)
  An orc wizard (D)
  An orc (D)
  A bat (D)
  A bat skeleton (D)
  2 endoplasms (D)
  A ball python (D)
  A kobold (D)
19 creatures vanquished.

Notes
Turn   | Place    | Note
-------+----------+-------------------------------------------
     0 | D        | Zeldest the Demigod Gladiator began the quest for the Orb.
     0 | D        | Reached XP level 1. HP: 17/17 MP: 3/3
    20 | D        | Noticed a hound
    20 | D        | Noticed an ice beast
    20 | D        | Noticed a phantom
    31 | D        | Killed a hound
    32 | D        | Reached XP level 2. HP: 17/27 MP: 4/4
    32 | D        | Reached XP level 3. HP: 21/33 MP: 5/5
    37 | D        | Killed an ice beast
    38 | D        | Reached skill level 5 in Fighting
    38 | D        | Reached skill level 5 in Long Blades
    38 | D        | Reached skill level 5 in Dodging
    38 | D        | Reached XP level 4. HP: 13/42 MP: 6/6
    39 | D        | Killed a phantom
    40 | D        | Reached XP level 5. HP: 15/50 MP: 7/7
   292 | D        | Noticed a yak
   292 | D        | Noticed a komodo dragon
   292 | D        | Noticed an acid dragon
   292 | D        | Noticed an orc warrior
   292 | D        | Noticed a two-headed ogre
   295 | D        | Killed a komodo dragon
   296 | D        | Reached XP level 6. HP: 48/61 MP: 8/8
   296 | D        | Killed a yak
   296 | D        | Killed a two-headed ogre
   297 | D        | Reached skill level 10 in Long Blades
   297 | D        | Reached skill level 10 in Dodging
   297 | D        | Reached XP level 7. HP: 56/71 MP: 9/9
   302 | D        | Reached skill level 10 in Fighting
   302 | D        | Reached XP level 8. HP: 63/79 MP: 10/10
   317 | D        | Noticed a tengu conjurer
   317 | D        | Noticed a boulder beetle
   317 | D        | Noticed a skeletal warrior
   317 | D        | Noticed a cyclops
   317 | D        | Noticed a four-headed hydra
   330 | D        | Reached skill level 1 in Evocations
   332 | D        | Killed a tengu conjurer
   333 | D        | Killed a cyclops
   340 | D        | Mangled by a skeletal warrior

Illustrated notes

Levels and vault maps discovered:
D:        linesprint [early_d, line_temple, items_1, d_10, items_2, lair_1,
          lair_end, items_3, orc_1, orc_end, items_4, d_15, swamp_1, shoals_1,
          snake_1, spider_1, d_20, vaults_1, items_5, swamp_end, shoals_end,
          snake_end, spider_end, vaults_end, d_27, items_6, zot_1, zot_end,
          crypt_end, forest_end, elf_end, slime_end, tomb_end, abyss_end,
          pan_hell_end]

Skill      XL: |  1  2  3  4  5  6  7  8 |
---------------+-------------------------+-----
Fighting       | 3 5 6 7 9 10 | 10.8
Long Blades    | 4 5 6 8 10 11 | 11.0
Dodging        | 4 5 6 8 10 11 | 11.1
Evocations     | 3 |  3.7
Throwing       | |  1.7

Action                   |  1- 3 |  4- 6 |  7- 9 || total
-------------------------+-------+-------+-------++-------
Melee: Whip              |    16 |     3 |     3 ||    22
       Long sword        |     5 |       |       ||     5
       Scimitar          |       |       |    16 ||    16
Evoke: Wand              |       |     4 |     6 ||    10
  Use: Potion            |     1 |       |       ||     1
Armor: Leather armour    |     6 |     1 |     1 ||     8
Dodge: Dodged            |    14 |     3 |    16 ||    33
       Rpst.: Long sword |     3 |       |       ||     3
       Scimitar          |       |       |     1 ||     1

Table legend: (Time is in decaauts)
 A = Elapsed time spent in this place.
 B = Non-inter-level travel time spent in this place.
 C = Inter-level travel time spent in this place.
 D = Time resting spent in this place.
 E = Time spent auto-exploring this place.
 F = Levels seen in this place.
 G = Mean time per level.
                   A        B        C        D        E       F      G
               +--------+--------+--------+--------+--------+-----+--------+
         Total |    340 |    340 |      0 |    186 |      0 |   1 |  340.0 |
       Dungeon |    340 |    340 |      0 |    186 |      0 |   1 |  340.0 |
               +--------+--------+--------+--------+--------+-----+--------+

Top non-repeatable levels by time:
       D: 340 daAuts
